 Dungeon Crawl Stone Soup version 0.31-a0-1424-g2add1c7226 (webtiles) character file.

Game seed: 4217945651267682164

327 lastchild the Sneak (level 6, 0/46 HPs)
             Began as a Vampire Gladiator on Dec 26, 2023.
             Slain by a black bear (8 damage)
             ... on level 4 of the Dungeon.
             The game lasted 00:05:09 (2954 turns).

lastchild the Sneak (Vampire Gladiator)             Turns: 2954, Time: 00:05:10

Health: 0/46       AC:  5    Str: 13    XL:     6   Next: 24%
Magic:  8/8        EV: 13    Int: 10    God:
Gold:   112        SH:  0    Dex: 18    Spells: 8/8 levels left

rFire   . . .        a - +0 long sword
rCold   . . .        (no shield)
rNeg    . . .        b - +0 leather armour
rPois   .            c - +0 helmet
rElec   .            (no cloak)
rCorr   .            f - +0 pair of gloves
SInv    +            (no boots)
Will    .....        (no amulet)
Stlth   +++          (no ring)
HPRegen 0.47/turn    (no ring)
MPRegen 0.11/turn

%: no passive effects
@: healing quickly
A: alive, fangs 3, see invisible, vampiric 2
a: Exsanguinate


You were on level 4 of the Dungeon.
You visited 1 branch of the dungeon, and saw 4 of its levels.
You also visited: Sewer.

You collected 112 gold pieces.

Inventory:

Hand Weapons
 a - a +0 long sword (weapon)
 g - a +0 dagger
Missiles
 d - 3 throwing nets (quivered)
 e - a javelin
Armour
 b - a +0 leather armour (worn)
 c - a +0 helmet (worn)
 f - a +0 pair of gloves (worn)
Jewellery
 n - a ring of positive energy
 q - an amulet of magic regeneration
Scrolls
 i - a scroll of noise {unknown}
 l - a scroll of fear {unknown}
 o - 3 scrolls of immolation {unknown}
 p - a scroll of amnesia {unknown}
 s - a scroll of poison {unknown}
 u - a scroll of revelation {unknown}
 w - 2 scrolls of fog {unknown}
 x - a scroll of enchant weapon {unknown}
 y - 3 scrolls of identify
Potions
 h - 4 potions of curing
 j - a potion of mutation
 k - a potion of enlightenment
 m - a potion of lignification {unknown}
 r - 3 potions of invisibility
 t - 3 potions of might {unknown}
 v - a potion of cancellation {unknown}


   Skills:
 + Level 2.9 Fighting
 + Level 3.9 Long Blades
 + Level 2.4 Throwing
 + Level 4.1 Dodging
 * Level 4.9 Stealth
 + Level 1.8 Spellcasting


You had 8 spell levels left.
You didn't know any spells.
Your spell library contained the following spells:

 Spells                   Type           Power      Damage    Failure   Level
 Jinxbite                 Hex            0%         N/A       52%         2
 Yara's Violent Unravell  Hex/Alch       0%         3d3       100%        5
 Enfeeble                 Hex            0%         N/A       100%        7


Dungeon Overview and Level Annotations

Branches:
Dungeon (4/15)              Sewer (visited)
 Temple: D:4-7

Altars:
Cheibriados

Shops:
D:1 [   D:4 (**


Innate Abilities, Weirdness & Mutations

Your natural rate of healing is accelerated.
You have razor-sharp teeth.
You have supernaturally acute eyesight. (SInv)
You are afflicted with vampirism and can become a bat while bloodless.


Message History

The black bear claws you but does no damage.
You completely miss the black bear. You bite the black bear.
The black bear is severely wounded.
The black bear bites you! The black bear barely misses you. x2
You hit the black bear.
The black bear is severely wounded.
The black bear bites you. The black bear misses you.
The black bear barely misses you.
You completely miss the black bear.
The black bear is severely wounded.
The black bear bites you. The black bear closely misses you.
The black bear claws you but does no damage.
Unknown command.
You closely miss the black bear.
The black bear is severely wounded.
The black bear closely misses you. The black bear claws you. x2
You closely miss the black bear.
The black bear is severely wounded.
The black bear barely misses you. The black bear claws you.
The black bear claws you but does no damage.
The black bear barely misses you. The black bear closely misses you.
The black bear barely misses you.
You hit the black bear.
The black bear is severely wounded.
The black bear misses you. x2; The black bear barely misses you.
You hit the black bear but do no damage.
The black bear is severely wounded.
The black bear bites you. The black bear barely misses you.
The black bear claws you but does no damage.
You barely miss the black bear.
The black bear is severely wounded.
The black bear goes berserk!
You hit the black bear but do no damage.
The black bear is severely wounded.
The black bear bites you. The black bear claws you.
* * * LOW HITPOINT WARNING * * *
The black bear claws you.
* * * LOW HITPOINT WARNING * * *
The black bear bites you!
You die...

..##............†.########
.....#.######.#...).......
##................###.....
#.....#..........###.?##.
##....#..............##
###...................
##)#..##.#.#........
##.##..#.....#...... #..#
#.###..@....... #.## .#
#.##h....## ####.# (#...
.#....# #....####.....
....... ##............
.....## ....#.#####...
....... #####.#......
.....## #####.#(....
.....# ............


You could see a black bear (berserk).

Vanquished Creatures
  A kobold brigand (Sewer)
  A scorpion (D:4)
  2 bombardier beetles (D:4)
  An iguana (D:4)
  2 adders (D:2)
  A dart slug (D:3)
  9 ball pythons
  5 endoplasms
  8 giant cockroaches
  8 goblins
  8 hobgoblins
  7 jackals
  2 quokkas
  4 bats
  7 frilled lizards
  18 kobolds
  2 rats
86 creatures vanquished.

Notes
Turn   | Place    | Note
-------+----------+-------------------------------------------
     0 | D:1      | lastchild the Vampire Gladiator began the quest for the
                  | Orb.
     0 | D:1      | Reached XP level 1. HP: 16/16 MP: 1/1
   192 | D:1      | Reached skill level 1 in Stealth
   195 | D:1      | Reached XP level 2. HP: 9/22 MP: 2/2
   582 | D:1      | Found Ifis's Antique Armour Emporium.
   894 | D:2      | Gained mutation: You are afflicted with vampirism and can
                  | become a bat while bloodless. [Vampire growth]
   894 | D:2      | Reached XP level 3. HP: 27/27 MP: 3/3
  1654 | D:3      | Found a snail-covered altar of Cheibriados.
  1675 | D:3      | Reached XP level 4. HP: 34/34 MP: 5/5
  1765 | D:3      | Found a glowing drain.
  1769 | Sewer    | Entered a sewer
  1792 | Sewer    | Noticed a kobold brigand
  1797 | Sewer    | Reached skill level 1 in Spellcasting
  1806 | Sewer    | Killed a kobold brigand
  1807 | Sewer    | Reached XP level 5. HP: 17/39 MP: 6/6
  2669 | D:4      | Found Doetoi's Specific Store.
  2669 | D:4      | Found Tihuriwk's General Store.
  2684 | D:4      | Found Ariavake's Weapon Emporium.
  2772 | D:4      | Reached XP level 6. HP: 23/46 MP: 8/8
  2954 | D:4      | Slain by a black bear

Illustrated notes

Levels and vault maps discovered:
D:1:      minmay_arrival_widening_spiral_wide, layout_loops_cross, serial_shops,
          nicolae_shop_tiny_waterfront
D:2:      layout_loops_ring
D:3:      layout_basic, gammafunk_temple_overflow_pools, gup_sewer_entry_bowl
D:4:      layout_rooms, serial_shops, shop, nicolae_specific_store

Skill      XL: |  1  2  3  4  5 |
---------------+----------------+-----
Stealth        | 1 2 3 4 |  4.9
Fighting       | 2 |  2.9
Spellcasting   | 1 |  1.8
Throwing       | 2 |  2.4
Dodging        | 4 |  4.1
Long Blades    | |  3.9

Action                     |  1- 3 |  4- 6 || total
---------------------------+-------+-------++-------
  Melee: Long sword        |    90 |   136 ||   226
         Bite              |     6 |    19 ||    25
         Punch             |     1 |     2 ||     3
    Use: Scroll            |       |     4 ||     4
   Stab: Sleeping          |     6 |     7 ||    13
 Armour: Leather armour    |    48 |   114 ||   162
  Dodge: Dodged            |    54 |   148 ||   202

Table legend: (Time is in decaauts)
 A = Elapsed time spent in this place.
 B = Non-inter-level travel time spent in this place.
 C = Inter-level travel time spent in this place.
 D = Time resting spent in this place.
 E = Time spent auto-exploring this place.
 F = Levels seen in this place.
 G = Mean time per level.
                   A        B        C        D        E       F      G
               +--------+--------+--------+--------+--------+-----+--------+
         Total |   3032 |   2942 |     90 |    155 |   2162 |   5 |  606.4 |
       Dungeon |   2702 |   2612 |     90 |    129 |   2016 |   4 |  675.5 |
         Sewer |    330 |    330 |      0 |     26 |    146 |   1 |  330.0 |
               +--------+--------+--------+--------+--------+-----+--------+

Top non-repeatable levels by time:
     D:3: 892 daAuts
     D:1: 885 daAuts
     D:2: 626 daAuts
   Sewer: 330 daAuts
     D:4: 298 daAuts
